Map: Echo LE

Players

KiF1rE

  • Race: Protoss Protoss
  • Spawn Location: 5:00

CatZ - Winner!

  • Race: Zerg Zerg
  • Spawn Location: 11:00

Event: LycanGTV LotV Beta Tournament 1

VOD

Have the link to the VOD?

Description

Time

  • Played on: April 2, 2015, 12:38 p.m.
  • Length: 10:26

All games in this series

Show
View Real Time Build Order
Export as new Build Order

KiF1rE Protoss 

Build Orders: Nexus First 

Get SALT Encoding   

  12  0:01  Probe  
  13  0:13  Pylon  
  13  0:18  Probe  
  14  0:31  Probe (Chrono Boost)  
  15  0:41  Probe (Chrono Boost)  
  16  0:48  Probe  
  17  0:58  Nexus  
  17  1:07  Gateway  
  17  1:10  Probe (Chrono Boost)  
  18  1:20  Assimilator  
  18  1:21  Probe (Chrono Boost)  
  18  1:25  Assimilator  
  19  1:28  Probe  
  20  1:37  Pylon  
  20  1:40  Probe (Chrono Boost)  
  21  1:52  Probe (Chrono Boost)  
  22  1:55  Cybernetics Core  
  22  1:57  Zealot  
  22  2:00  Probe (Chrono Boost)  
  25  2:11  Probe (Chrono Boost)  
  27  2:16  Probe (Chrono Boost)  
  27  2:19  Probe (Chrono Boost)  
  29  2:23  Probe (Chrono Boost)  
  29  2:28  Probe  
  30  2:34  Warp Gate  
  30  2:35  Probe (Chrono Boost), Adept  
  33  2:40  Mothership Core (Chrono Boost)  
  35  2:47  Probe (Chrono Boost)  
  35  2:48  Pylon  
  35  2:59  Probe  
  36  3:14  Probe (Chrono Boost)  
  36  3:15  Probe (Chrono Boost)  
  36  3:18  Forge  
  36  3:19  Robotics Facility  
  38  3:23  Gateway  
  38  3:25  Probe (Chrono Boost)  
  38  3:26  Gateway  
  39  3:30  Probe (Chrono Boost)  
  39  3:31  Probe  
  41  3:35  Sentry  
  41  3:39  Assimilator  
  41  3:41  Assimilator  
  43  3:42  Probe (Chrono Boost)  
  43  3:48  Pylon  
  45  3:49  Probe (Chrono Boost)  
  45  3:51  Protoss Ground Weapons Level 1  
  45  3:53  Probe (Chrono Boost)  
  46  3:59  Probe (Chrono Boost)  
  46  4:00  Probe (Chrono Boost), Pylon  
  48  4:08  Immortal  
  53  4:11  Probe (Chrono Boost)  
  53  4:12  Probe (Chrono Boost)  
  54  4:20  Probe (Chrono Boost)  
  54  4:21  Sentry  
  58  4:24  Probe (Chrono Boost)  
  58  4:26  Pylon  
  60  4:31  Gateway, Probe (Chrono Boost)  
  60  4:32  Probe (Chrono Boost)  
  60  4:35  Photon Cannon  
  60  4:41  Robotics Bay  
  60  4:46  Stalker  
  60  4:48  Observer  
  63  4:55  Probe (Chrono Boost)  
  65  5:01  Probe (Chrono Boost)  
  65  5:05  Probe (Chrono Boost)  
  66  5:20  Probe x2  
  67  5:26  Warp Prism (Chrono Boost)  
  69  5:32  Nexus  
  69  5:34  Pylon  
  69  5:45  Gateway  
  69  5:47  Protoss Ground Armor Level 1  
  69  5:49  Gateway  
  69  5:51  Probe  
  69  5:55  Disruptor (Chrono Boost)  
  74  5:57  Gateway  
  74  5:59  Twilight Council  
  74  6:04  Gateway  
  74  6:08  Pylon  
  74  6:10  Pylon  
  73  6:13  Extended Thermal Lance (Chrono Boost)  
  73  6:18  Probe (Chrono Boost)  
  78  6:28  Probe (Chrono Boost)  
  78  6:30  Disruptor (Chrono Boost)  
  80  6:36  Probe (Chrono Boost)  
  80  6:39  Blink (Chrono Boost)  
  80  6:40  Stalker  
  80  6:41  Stalker x2, Disruptor, Pylon, Photon Cannon  
  80  6:42  Gateway  
  80  6:43  Gateway  
  73  6:55  Zealot x2  
  69  7:03  Disruptor  
  65  7:09  Zealot x3  
  65  7:10  Zealot  
  71  7:29  Probe x2  
  71  7:30  Colossus (Chrono Boost)  
  77  7:37  Disruptor  
  69  7:45  Stalker x4  
  69  7:46  Stalker x3  
  83  7:57  Disruptor  
  83  7:58  Nexus  
  83  8:19  Pylon  
  83  8:20  Disruptor  
  83  8:33  Colossus (Chrono Boost)  
  79  8:38  Zealot x3  
  79  8:39  Zealot x2  
  79  8:41  Disruptor  
  70  8:50  Zealot  
  70  8:51  Zealot  
  55  9:00  Zealot  
  45  9:14  Disruptor  
  41  9:38  Disruptor  
  38  9:54  Zealot  
  38  9:55  Zealot  
Show
View Real Time Build Order
Export as new Build Order

CatZ Zerg - Winner!

Build Orders: Hatch First, Swarm Host 

Get SALT Encoding   

  12  0:01  Drone  
  13  0:12  Overlord  
  13  0:18  Drone  
  14  0:30  Drone x2  
  14  0:35  Drone  
  17  0:51  Hatchery  
  17  0:54  Drone  
  17  0:59  Drone  
  18  1:06  Drone  
  19  1:13  Spawning Pool  
  18  1:19  Overlord  
  18  1:27  Drone, Extractor  
  18  1:38  Drone  
  19  1:50  Drone  
  20  2:00  Queen  
  20  2:01  Zergling x2  
  23  2:03  Queen  
  23  2:04  Drone  
  26  2:11  Drone  
  27  2:15  Drone  
  28  2:23  Drone  
  28  2:26  Drone  
  30  2:32  Metabolic Boost, Drone  
  30  2:35  Queen  
  33  2:37  Drone  
  35  2:44  Evolution Chamber, Drone  
  35  2:47  Extractor  
  35  2:48  Drone  
  34  2:54  Drone  
  35  2:59  Drone  
  36  3:09  Drone  
  36  3:11  Overlord  
  36  3:12  Zerg Melee Weapons Level 1  
  36  3:18  Overlord  
  36  3:29  Drone x2  
  36  3:30  Hatchery, Drone x3  
  40  3:35  Lair  
  40  3:38  Drone  
  41  3:44  Drone  
  41  3:45  Drone x2  
  44  3:50  Drone x2  
  44  3:51  Extractor  
  44  3:52  Extractor  
  44  3:53  Drone  
  44  3:55  Zergling x2  
  46  3:56  Zergling x2  
  46  3:59  Zergling x2  
  46  4:00  Zergling x2  
  49  4:04  Drone x2  
  49  4:08  Overlord  
  51  4:13  Drone  
  51  4:15  Overlord  
  52  4:33  Drone x4  
  55  4:38  Drone  
  55  4:39  Drone x4, Infestation Pit  
  55  4:44  Drone x2  
  61  4:51  Drone x3  
  61  4:52  Drone x2  
  66  4:53  Drone  
  67  5:01  Drone  
  67  5:02  Drone  
  69  5:07  Drone  
  69  5:09  Overlord  
  69  5:11  Extractor  
  69  5:13  Zerg Ground Armor Level 1, Extractor  
  68  5:18  Overlord  
  68  5:26  Overlord  
  68  5:31  Swarm Host  
  68  5:34  Overlord  
  71  5:37  Swarm Host x2  
  71  5:39  Zergling x2  
  71  5:40  Zergling x2  
  71  5:41  Overlord  
  81  5:44  Flying Locusts  
  81  5:45  Overlord  
  81  5:46  Spine Crawler  
  81  5:48  Swarm Host  
  84  5:50  Zergling x6  
  84  5:51  Spine Crawler, Zergling x4  
  84  5:56  Zergling x8  
  84  5:57  Zergling x6  
  93  6:01  Swarm Host  
  93  6:03  Drone  
  93  6:04  Drone x2  
  102  6:07  Overlord x2  
  102  6:14  Drone  
  105  6:22  Zergling x2  
  105  6:23  Zergling x4  
  108  6:27  Swarm Host x2  
  108  6:32  Hatchery, Zergling x2  
  116  6:33  Zergling x6  
  116  6:38  Spine Crawler  
  117  6:48  Zergling x2  
  117  6:49  Zergling x12  
  117  6:50  Drone x2  
  121  6:55  Zergling x2  
  121  7:00  Zergling x4  
  121  7:01  Zergling x4  
  119  7:04  Swarm Host x2  
  119  7:07  Overlord  
  125  7:12  Hatchery  
  122  7:20  Zergling x2  
  122  7:21  Zergling x4  
  122  7:32  Zergling x6  
  122  7:34  Swarm Host x2  
  133  7:37  Zerg Missile Weapons Level 1  
  133  7:40  Drone  
  133  7:41  Drone x8  
  132  7:49  Zergling x2  
  132  7:53  Swarm Host x2  
  132  7:55  Overlord  
  132  7:56  Zergling x6  
  140  7:59  Overlord  
  140  8:01  Hydralisk Den  
  132  8:06  Overlord  
  132  8:09  Zergling x8  
  132  8:10  Drone x2  
  138  8:14  Drone x2  
  138  8:17  Drone x2  
  138  8:18  Spire  
  134  8:24  Drone, Queen  
  134  8:25  Drone x6  
  131  8:39  Zergling x10  
  136  8:41  Zergling x2  
  136  8:42  Zergling x4  
  136  8:47  Zergling x10  
  136  8:48  Zergling x2  
  141  8:49  Zergling x4  
  141  8:54  Extractor x2  
  140  9:00  Drone x6, Spore Crawler  
  140  9:01  Drone  
  140  9:02  Muscular Augments  
  137  9:07  Zergling x2  
  136  9:12  Drone x4  
  138  9:18  Queen  
  138  9:19  Drone  
  138  9:22  Drone x2  
  138  9:23  Drone  
  136  9:25  Drone x3  
  139  9:33  Mutalisk  
  139  9:34  Mutalisk x2  
  145  9:43  Mutalisk x3  
  145  9:45  Drone x2  
  152  9:49  Drone  
  137  9:56  Drone x2  
  137  9:57  Drone x3  
  139  10:07  Drone  
  148  10:08  Drone x2  

Tags
 
Add a new tag
Caveats
  • Supply blocks, unpowered buildings, or Contaminate may cause inaccurate times.
  • Supply counts are checked every 10 seconds.